 Dungeon Crawl Stone Soup version 0.28.0-43-g3370ac3207 (webtiles) character file.

Game seed: 12612666670127235711

319 crimpus the Cudgeller (level 6, -3/39 HPs)
             Began as a Gargoyle Berserker on Mar 14, 2022.
             Was a Believer of Trog.
             Slain by a gnoll
             ... wielding a +0 spear
              (8 damage)
             ... on level 3 of the Dungeon.
             The game lasted 00:04:30 (3529 turns).

crimpus the Cudgeller (Gargoyle Berserker)          Turns: 3529, Time: 00:04:31

Health: -3/39      AC: 12    Str: 22    XL:     6   Next: 45%
Magic:  6/6        EV: 10    Int:  8    God:    Trog [**....]
Gold:   123        SH:  0    Dex:  9    Spells: 5/5 levels left

rFire   . . .      SeeInvis .   a - +0 mace
rCold   . . .      Faith    .   (no shield)
rNeg    + . .      Spirit   .   g - +0 scale mail
rPois   ∞          Reflect  .   (no helmet)
rElec   +          Harm     .   (no cloak)
rCorr   .          Rampage  .   h - +0 pair of gloves
Will    +....                   (no boots)
Stlth   ..........              (no amulet)
HPRegen 0.13/turn               d - ring of willpower
MPRegen 0.10/turn               (no ring)

@: on berserk cooldown, slowed, very slow
A: sickness immunity, AC +4, negative energy resistance 1, electricity
resistance, torment resistance 1, petrification resistance
a: Renounce Religion, Berserk, Trog's Hand


You were on level 3 of the Dungeon.
You worshipped Trog.
Trog was pleased with you.
You visited 1 branch of the dungeon, and saw 3 of its levels.

You collected 123 gold pieces.

Inventory:

Hand Weapons
 a - a +0 mace (weapon)
Armour
 g - a +0 scale mail (worn)
 h - a +0 pair of gloves (worn)
Jewellery
 d - a ring of willpower (left hand)
Scrolls
 b - a scroll of enchant weapon {unknown}
 c - a scroll of fog {unknown}
 e - 2 scrolls of vulnerability {unknown}
 f - a scroll of blinking
Potions
 k - a potion of curing


   Skills:
 + Level 4.5 Fighting
 + Level 5.6 Maces & Flails
 + Level 3.9 Armour
 - Level 1.6 Dodging


You had 5 spell levels left.
You didn't know any spells.
Your spell library was empty.

Dungeon Overview and Level Annotations

Branches:
Dungeon (3/15)

Altars:
Trog

Shops:
D:3 =


Innate Abilities, Weirdness & Mutations

You are immune to sickness and miasma.
Your stone body is resilient. (AC +4)
You are immune to poison.
You resist negative energy. (rN+)
You are resistant to electric shocks. (rElec)
You are resistant to unholy torment.
You are immune to petrification.


Message History

The gnoll closely misses you.
You barely miss the gnoll. The gnoll completely misses you.
You closely miss the gnoll. The gnoll barely misses you.
You sock the gnoll!
The gnoll is severely wounded.
The gnoll hits you but does no damage.
The gnoll hits you from afar with a +0 spear.
You sock the gnoll!
You kill the gnoll!
Trog accepts your kill.
The gnoll hits you from afar with a +0 spear.
You are too injured to fight recklessly!
You are too injured to fight recklessly!
You are too injured to fight recklessly!
You are too injured to fight recklessly!
You are too injured to fight recklessly!
You feel a strong urge to attack something.
You are no longer berserk.
You are exhausted.
You feel yourself slow down. The gnoll hits you but does no damage.
Items here: ))))) ††††.
The gnoll hits you from afar with a +0 spear.
The gnoll hits you but does no damage.
Items here: ))))) ††††.
You sock the gnoll!
The gnoll is heavily wounded.
The gnoll closely misses you. The gnoll hits you with a +0 spear.
You barely miss the gnoll.
The gnoll is heavily wounded.
The gnoll barely misses you.
You hit the gnoll but do no damage.
The gnoll is heavily wounded.
The gnoll hits you with a +0 spear!
* * * LOW HITPOINT WARNING * * *
The gnoll hits you with a +0 spear.
* * * LOW HITPOINT WARNING * * *
You closely miss the gnoll.
The gnoll is heavily wounded.
The gnoll hits you with a +0 spear!
You die...

...........# #.#
...........# #.#
...........# #.#
...g.g.....# #.#
...gg.?....#
#########.#
..r.##'##..#
#.......#.# .
#g. #..#
#.≈.8.≈.#.# #.g
#.)###.≈...≈.#.#


#gO #.g@...≈≈.≈≈.#.# ### #+###..≈≈.≈≈.#.# #..≈≈.≈≈.#.# #..≈≈_≈≈.#.# ##.≈≈≈≈≈...#
#..≈≈≈....# .....)..#.# ...######.# (.. ..# You could see a gnoll.

Vanquished Creatures
  An ogre (D:3)
  An iguana (D:3)
  A hound skeleton (D:2)
  8 adders
  5 gnolls
  2 worms (D:2)
  A dart slug (D:1)
  An orc (D:2)
  7 endoplasms
  5 giant cockroaches
  13 goblins
  3 hobgoblins
  6 kobolds
  A quokka (D:3)
  8 ball pythons
  3 bats
  2 frilled lizards (D:1)
  4 rats
72 creatures vanquished.

Vanquished Creatures (others)
  7 fungi (D:2)
  4 plants (D:2)
11 creatures vanquished.

Grand Total: 83 creatures vanquished

Notes
Turn   | Place    | Note
-------+----------+-------------------------------------------
     0 | D:1      | crimpus the Gargoyle Berserker began the quest for the Orb.
     0 | D:1      | Reached XP level 1. HP: 14/14 MP: 1/1
   148 | D:1      | Reached XP level 2. HP: 19/19 MP: 2/2
  1150 | D:1      | Reached XP level 3. HP: 14/24 MP: 3/3
  1151 | D:1      | Reached ** piety under Trog
  1552 | D:2      | Reached skill level 4 in Maces & Flails
  1623 | D:2      | Reached XP level 4. HP: 28/29 MP: 4/4
  2230 | D:2      | Reached XP level 5. HP: 33/33 MP: 5/5
  2836 | D:2      | Found a faded altar of an unknown god.
  2876 | D:3      | Reached skill level 5 in Maces & Flails
  3330 | D:3      | Found Surraeh's Jewellery Boutique.
  3437 | D:3      | Found a bloodstained altar of Trog.
  3475 | D:3      | Noticed an ogre
  3509 | D:3      | Killed an ogre
  3510 | D:3      | Reached XP level 6. HP: 39/39 MP: 6/6
  3529 | D:3      | Slain by a gnoll

Illustrated notes

Levels and vault maps discovered:
D:1:      dpeg_arrival_boxes_within_box, layout_loops_ring
D:2:      layout_loops_corners, shapermc_ecumenical_altar_mp_urbaneastern,
          minmay_snake_closets
D:3:      wander_river, layout_basic, mainiacjoe_overflow_catwalk, serial_shops,
          nicolae_shop_stone, minmay_ogre_servants

Skill      XL: |  1  2  3  4  5 |
---------------+----------------+-----
Maces & Flails | 4 5 |  5.6
Fighting       | 4 |  4.5
Armour         | 3 |  3.9
Dodging        | |  1.6

Action                   |  1- 3 |  4- 6 || total
-------------------------+-------+-------++-------
Melee: Mace              |   101 |   187 ||   288
       Punch             |       |     2 ||     2
Invok: Berserk           |     1 |     3 ||     4
  Use: Potion            |     1 |     5 ||     6
       Scroll            |     1 |     1 ||     2
Armor: Animal skin       |    15 |       ||    15
       Scale mail        |    45 |   115 ||   160
Dodge: Dodged            |    63 |   111 ||   174
